 Dungeon Crawl Stone Soup version 0.28.0-45-g0d030f2227 (webtiles) character file.

Game seed: 13469578324106283387

49 issech the Cudgeller (level 3, -6/36 HPs)
             Began as a Troll Monk on Apr 14, 2022.
             Killed by nerve-wracking pain
             ... invoked by Grinder
              (14 damage)
             ... on level 3 of the Dungeon.
             The game lasted 00:04:55 (1568 turns).

issech the Cudgeller (Troll Monk)                   Turns: 1568, Time: 00:04:55

Health: -6/36      AC:  4    Str: 19    XL:     3   Next: 53%
Magic:  2/2        EV: 10    Int:  6    God:
Gold:   99         SH:  0    Dex: 14    Spells: 2/2 levels left

rFire   + . .      SeeInvis .   a - +0 mace
rCold   x . .      Faith    .   (no shield)
rNeg    . . .      Spirit   .   b - +0 robe
rPois   .          Reflect  .   (helmet restricted)
rElec   .          Harm     .   (no cloak)
rCorr   .          Rampage  .   (gloves unavailable)
Will    .....                   (boots unavailable)
Stlth   ++........              (no amulet)
HPRegen 0.92/turn               d - ring of fire
MPRegen 0.08/turn               (no ring)

@: no status effects
A: large, unfitting armour, claws 3, regeneration 1, shaggy fur 1, tough skin 1
a: no special abilities


You were on level 3 of the Dungeon.
You visited 1 branch of the dungeon, and saw 3 of its levels.

You collected 99 gold pieces.

Inventory:

Hand Weapons
 a - a +0 mace (weapon)
Missiles
 e - 46 arrows
 f - 69 stones (quivered)
Armour
 b - a +0 robe (worn)
Jewellery
 d - a ring of fire (left claw)
Scrolls
 g - a scroll of enchant armour {unknown}
 h - a scroll of identify {unknown}
Potions
 c - a potion of heal wounds {unknown}


   Skills:
 + Level 2.8 Fighting
 + Level 3.3 Maces & Flails
 + Level 2.8 Dodging
 + Level 1.1 Stealth


You had 2 spell levels left.
You didn't know any spells.
Your spell library was empty.

Dungeon Overview and Level Annotations

Branches:
Dungeon (3/15)

Altars:

Annotations:
D:2 Sigmund
D:3 Grinder


Innate Abilities, Weirdness & Mutations

You are too large for most types of armour.
You have claws for hands.
Your natural rate of healing is unusually fast.
You are covered in fur. (AC +1)
You have tough skin. (AC +1)


Message History

You now have 88 gold pieces (gained 12).
Found a ring mail.
You see here a +0 ring mail.
Found a stone staircase leading up.
There is a stone staircase leading up here.
You see here a +0 ring mail.
You open the door.
There is an open door here.
There is an open door here.
A frilled lizard comes into view.
The frilled lizard hisses angrily.
You sock the frilled lizard!
You kill the frilled lizard!
You now have 99 gold pieces (gained 11).
f - 71 stones (gained 25) Grinder comes into view.
Grinder drinks a potion.
Grinder seems to speed up.
Grinder gestures at you. Pain shoots through your body!
You throw a stone. The stone barely misses Grinder.
Grinder blinks!
You hit Grinder.
Grinder is lightly wounded.
Grinder blinks!
You throw a stone. The stone hits Grinder.
Grinder is lightly wounded.
You closely miss Grinder.
Grinder is lightly wounded.
Grinder hits you.
You writhe in agony.
You hit Grinder.
Grinder is moderately wounded.
Grinder closely misses you. Grinder hits you!
You writhe in agony.
Grinder blinks!
Grinder says, "FISH!"
You are too injured to fight recklessly!
Grinder gestures at you. Pain shoots through your body!
* * * LOW HITPOINT WARNING * * *
Grinder gestures at you. Pain shoots through your body!
You die...

#.........# #.............
#.........# #.............
#.........# #.............
#.....5...# #.............
#.........###.............
##..............(..........
#..........................
#....###...................
#....# #..@....#.####......
#....# #.......#..##.......
#....# ##.##...##.##.######
#....###...#####...#.#
####.##..#.......#...#
#.###...#####...###
#.####.## ##.## #..# #.#
#.# ##.###.# #.#


You could see Grinder (fast).

Vanquished Creatures
  3 dart slugs
  3 ball pythons (D:1)
  6 bats
  7 endoplasms
  2 giant cockroaches (D:1)
  3 goblins (D:1)
  A hobgoblin (D:1)
  6 kobolds
  A quokka (D:3)
  6 frilled lizards
  2 rats
40 creatures vanquished.

Vanquished Creatures (others)
  A plant (D:1)
1 creature vanquished.

Grand Total: 41 creatures vanquished

Notes
Turn   | Place    | Note
-------+----------+-------------------------------------------
     0 | D:1      | issech the Troll Monk began the quest for the Orb.
     0 | D:1      | Reached XP level 1. HP: 22/22 MP: 0/0
    61 | D:1      | Reached XP level 2. HP: 22/29 MP: 1/1
   326 | D:1      | Reached skill level 3 in Maces & Flails
   539 | D:1      | Reached XP level 3. HP: 36/36 MP: 2/2
   860 | D:1      | Found a faded altar of an unknown god.
  1085 | D:2      | Noticed Sigmund
  1550 | D:3      | Noticed Grinder
  1568 | D:3      | Killed from afar by Grinder

Illustrated notes

Levels and vault maps discovered:
D:1:      lightli_arrival_statuegarden, layout_loops_corners,
          nicolae_ecumenical_lake_church, serial_bayou_pond_b
D:2:      layout_loops_corners, serial_shops, shop,
          chequers_serial_rivers_large_a, uniq_jessica, uniq_sigmund
D:3:      layout_basic, minmay_misc_feat_tower, uniq_grinder

Skill      XL: |  1  2 |
---------------+-------+-----
Maces & Flails | 3 |  3.3
Fighting       | |  2.8
Dodging        | |  2.8
Stealth        | |  1.1

Action                   || total
-------------------------++-------
Melee: Mace              ||   123
       Punch             ||     1
Throw: Stone             ||     5
 Stab: Sleeping          ||     2
Armor: Robe              ||    68
Dodge: Dodged            ||    81
